 Dungeon Crawl Stone Soup version 0.29.1-12-g30fa7ad0bf (webtiles) character file.

Game seed: 10319186158938260985

7352 Radix the Arsonist (level 11, -11/77 HPs)
             Began as a Human Fire Elementalist on Dec 14, 2022.
             Was a Priest of Vehumet.
             Mangled by an ogre
             ... wielding a +0 giant club
             ... led by Lodul
              (20 damage)
             ... on level 10 of the Dungeon.
             The game lasted 01:40:59 (9711 turns).

Radix the Arsonist (Human Fire Elementalist)        Turns: 9711, Time: 01:40:59

Health: -11/77     AC: 12    Str:  8    XL:     11   Next: 35%
Magic:  23/23      EV:  8    Int: 27    God:    Vehumet [***...]
Gold:   449        SH:  0    Dex: 12    Spells: 17/27 levels left

rFire   . . .      SeeInvis .   x - +2 mace (elec)
rCold   . . .      Faith    .   (no shield)
rNeg    + . .      Spirit   .   B - +1 scale mail "Zovybby" {Int+5 Dex-3}
rPois   .          Reflect  .   S - +1 helmet {Int+3}
rElec   .          Harm     .   (no cloak)
rCorr   .          Rampage  .   u - +0 pair of gloves
Will    .....                   k - +0 pair of boots
Stlth   ..........              m - amulet of magic regeneration
HPRegen 0.22/turn               F - ring of positive energy
MPRegen 0.58/turn               (no ring)

@: about to teleport
A: no striking features
a: Renounce Religion


You were on level 10 of the Dungeon.
You worshipped Vehumet.
Vehumet was most pleased with you.
You visited 2 branches of the dungeon, and saw 11 of its levels.

You collected 611 gold pieces.
You spent 162 gold pieces at shops.

Inventory:

Hand Weapons
 x - a +2 mace of electrocution (weapon)
 A - a +0 whip of electrocution
Armour
 a - the +3 scale mail "Pouqegh" {Contam Regen+ rCorr Dex+10}
   (You found it on level 10 of the Dungeon)

   Dex:       It affects your dexterity (+10).
   Contam:    It causes magical contamination when unequipped.
   Regen:     It increases your rate of health regeneration.
   rCorr:     It protects you from acid and corrosion.
 k - a +0 pair of boots (worn)
 u - a +0 pair of gloves (worn)
 B - the +1 scale mail "Zovybby" (worn) {Int+5 Dex-3}
   (You found it on level 5 of the Dungeon)

   Int:       It affects your intelligence (+5).
   Dex:       It affects your dexterity (-3).
 D - a +1 leather armour of positive energy
 G - a +1 hat
 I - a +1 robe of cold resistance
 M - a +2 plate armour of fire resistance
 P - +0 steam dragon scales
 Q - +1 acid dragon scales
 S - a +1 helmet of intelligence (worn)
Jewellery
 m - an amulet of magic regeneration (around neck)
 F - a ring of positive energy (left hand)
Wands
 v - a wand of flame (18)
 K - a wand of roots (6)
Scrolls
 h - 6 scrolls of magic mapping
 j - 4 scrolls of teleportation
 o - a scroll of amnesia
 w - 3 scrolls of fog
 y - a scroll of brand weapon
 z - 3 scrolls of vulnerability
 E - a scroll of enchant armour
Potions
 b - 2 potions of magic
 c - a potion of invisibility {unknown}
 d - a potion of heal wounds
 g - 4 potions of degeneration
 i - 6 potions of curing
 q - 3 potions of attraction
 s - 4 potions of haste
 t - 2 potions of cancellation {unknown}
 H - 2 potions of ambrosia {unknown}
 J - 3 potions of brilliance {unknown}
 O - a potion of mutation {unknown}
Miscellaneous
 R - a condenser vane (quivered)


   Skills:
 + Level 4.2 Fighting
 + Level 0.9 Maces & Flails
 - Level 4.0 Armour
 - Level 2.0 Dodging
 - Level 2.0 Stealth
 + Level 8.7 Spellcasting
 + Level 8.7 Conjurations
 + Level 9.7 Fire Magic
 + Level 0.8 Evocations


You had 17 spell levels left.
You knew the following spells:

 Your Spells              Type           Power      Damage    Failure   Level
a - Foxfire               Conj/Fire      100%       2x1d9     1%          1
b - Scorch                Fire           100%       2d10      1%          2
c - Inner Flame           Hex/Fire       38%        N/A       4%          3
d - Flame Wave            Conj/Fire      57%        2d14      2%          4

Your spell library contained the following spells:

 Spells                   Type           Power      Damage    Failure   Level
 Ignite Poison            Fire/Tmut/Pois 29%        N/A       9%          3
 Conjure Flame            Conj/Fire      57%        6-21      1%          3
 Olgreb's Toxic Radiance  Pois           11%        N/A       67%         4
 Ozocubu's Armour         Ice            11%        N/A       77%         3
 Ozocubu's Refrigeration  Ice            5%         4d8       100%        7
 Ignition                 Fire           29%        3d9       100%        8


Dungeon Overview and Level Annotations

Branches:
Dungeon (10/15)            Temple (1/1) D:4            Lair (0/5) D:10
    Orc: D:9-12

Altars:
Ashenzari
Cheibriados
Dithmenos
Elyvilon
Fedhas
Gozag
Kikubaaqudgha
Makhleb
Nemelex Xobeh
Okawaru
Qazlal
Ru
Sif Muna
Trog
Uskayaw
Vehumet
Wu Jian
Xom
Yredelemnul
Zin
The Shining One

Shops:
D:1 (   D:5 !

Annotations:
D:10 Lodul


Message History

Confirm with . or Enter, or press ? or * to list all spells.
You conjure some foxfire!
The orc hits you but does no damage. The ogre attacks as you move away!
The ogre misses you.
The foxfire hits the ogre but does no damage.
The ogre is heavily wounded.
The foxfire hits the orc.
The orc is severely wounded.
The orc priest miscasts a cantrip.
A nearby plant withers and dies.
Casting: Foxfire (safe; 1% risk of failure)
Confirm with . or Enter, or press ? or * to list all spells.
You conjure some foxfire!
The ogre hits you with a +0 giant spiked club!!
The foxfire hits the ogre!
The ogre is moderately wounded.
You hear a shout! x2
Your foxfire dissipates!
Electricity crackles from Lodul's apparatus.
The bolt of lightning misses you.
The orc priest casts a cantrip, but nothing happens.
Electricity crackles from Lodul's apparatus.
The bolt of lightning hits you!
The orc priest calls upon Beogh to heal the orc.
The orc's wounds heal themselves!
The ogre hits you with a +0 giant club!
* * * LOW HITPOINT WARNING * * *
The ogre attacks as you move away!
The ogre hits you with a +0 giant spiked club.
* * * LOW HITPOINT WARNING * * *
You feel much better.
The orc priest casts a cantrip, but nothing happens.
As you read the scroll of teleportation, it crumbles to dust.
You feel strangely unstable.
The ogre hits you with a +0 giant spiked club!
* * * LOW HITPOINT WARNING * * *
The ogre attacks as you move away! The ogre hits you with a +0 giant club!
* * * LOW HITPOINT WARNING * * *
The orc priest looks braver for a moment.
An ogre comes into view. It is wielding a +0 giant club.
The ogre hits you with a +0 giant club!!
You die...

#############
##.....#..O@.##
##?.......OO<..##
#.............^.#
#......oo.......#
#...............#
#.....O.........#
#####....o..........#
.........O..........#
...P...............##


You could see Lodul, an orc warrior, 4 ogres, an orc priest and an orc.

Vanquished Creatures
  Pikel (D:4)
  Maggie (D:9)
  A hornet (D:8)
  4 wyverns
  A basilisk (D:10)
  4 yaks
  Eustachio (D:4)
  Grum (D:8)
  A steam dragon (D:9)
  An acid dragon (D:9)
  Menkaure (D:5)
  3 water moccasins
  A black bear (D:8)
  2 orc warriors
  3 ice beasts
  A sky beast (D:8)
  3 ogres
  4 wolves (D:8)
  3 phantoms
  3 kobold brigands
  A bullfrog (D:4)
  2 necrophages
  3 gnoll sergeants
  Blork the orc (D:4)
  4 scorpions
  4 wights
  10 killer bees
  9 howler monkeys
  5 hounds
  2 orc priests
  3 jellies
  A gnoll bouda (D:4)
  Ijyb (D:3)
  6 iguanas
  Natasha (D:2)
  3 orc wizards
  Robin (D:2)
  9 gnolls
  12 adders
  2 shadow imps (D:7)
  3 white imps
  An ufetubus (D:6)
  7 worms
  3 dart slugs
  25 orcs
  10 endoplasms
  15 goblins
  6 hobgoblins (D:2)
  3 jackals (D:2)
  17 kobolds
  7 ball pythons
  A bat (D:1)
  2 frilled lizards
  7 rats
227 creatures vanquished.

Vanquished Creatures (collateral kills)
  A foxfire (D:9)
1 creature vanquished.

Vanquished Creatures (others)
  370 foxfires
  A fungus (D:10)
  8 plants
379 creatures vanquished.

Grand Total: 607 creatures vanquished

Notes
Turn   | Place    | Note
-------+----------+-------------------------------------------
     0 | D:1      | Radix the Human Fire Elementalist began the quest for the
                  | Orb.
     0 | D:1      | Reached XP level 1. HP: 13/13 MP: 3/3
   204 | D:1      | Found Ucvaelai's Weapon Shop.
   373 | D:1      | Reached XP level 2. HP: 19/19 MP: 1/5
   728 | D:2      | Learned a level 2 spell: Scorch
   937 | D:2      | Reached XP level 3. HP: 24/24 MP: 4/6
   946 | D:2      | Noticed Robin
   965 | D:2      | Killed Robin
  1111 | D:2      | Reached XP level 4. HP: 30/30 MP: 8/8
  1118 | D:2      | Reached skill level 4 in Fire Magic
  1150 | D:2      | Noticed Natasha
  1158 | D:2      | Killed Natasha
  1417 | D:2      | Reached XP level 5. HP: 29/35 MP: 4/10
  2173 | D:3      | Noticed Ijyb
  2177 | D:3      | Killed Ijyb
  2586 | D:3      | Found a faded altar of an unknown god.
  2819 | D:4      | Reached XP level 6. HP: 41/41 MP: 6/11
  2935 | D:4      | Noticed Pikel
  3200 | D:4      | Killed Pikel
  3201 | D:4      | Reached skill level 5 in Spellcasting
  3201 | D:4      | Reached skill level 5 in Fire Magic
  3201 | D:4      | Reached XP level 7. HP: 45/46 MP: 3/14
  3243 | D:4      | Found a staircase to the Ecumenical Temple.
  3310 | Temple   | Entered the Ecumenical Temple
  3317 | Temple   | Became a worshipper of Vehumet
  3357 | D:4      | Reached XP level 8. HP: 52/52 MP: 11/15
  3448 | D:4      | Noticed Eustachio
  3456 | D:4      | Killed Eustachio
  3456 | D:4      | Noticed Blork the orc
  3457 | D:4      | Reached skill level 6 in Fire Magic
  3482 | D:4      | Killed Blork the orc
  4029 | D:5      | Entered Level 5 of the Dungeon
  4030 | D:5      | Noticed Menkaure
  4041 | D:5      | Killed Menkaure
  4042 | D:5      | Reached skill level 5 in Conjurations
  4054 | D:5      | Reached XP level 9. HP: 51/57 MP: 9/18
  4058 | D:5      | Reached skill level 7 in Fire Magic
  4105 | D:5      | You fall into a shaft and drop 2 floors!
  4137 | D:7      | Reached * piety under Vehumet
  4137 | D:7      | Offered knowledge of Freeze by Vehumet.
  4478 | D:7      | Found Zin's Purification Station.
  4478 | D:7      | Found a glowing silver altar of Zin.
  4484 | D:7      | Bought a potion of curing for 90 gold pieces
  5168 | D:6      | Learned a level 3 spell: Inner Flame
  5216 | D:6      | Reached skill level 8 in Fire Magic
  5546 | D:6      | Reached XP level 10. HP: 63/63 MP: 10/21
  6023 | D:5      | Reached ** piety under Vehumet
  6023 | D:5      | Offered knowledge of Shock by Vehumet.
  6292 | D:5      | Found Wiveupt Syav's Distillery.
  6329 | D:5      | Bought a potion of degeneration for 12 gold pieces
  6329 | D:5      | Bought a potion of heal wounds for 60 gold pieces
  6401 | D:5      | Found a shimmering altar of Xom.
  6416 | D:5      | Identified the +1 scale mail "Zovybby" {Int+5 Dex-3}
  6526 | D:5      | Found a burning altar of Makhleb.
  6708 | D:8      | Found a stormy altar of Qazlal.
  6725 | D:8      | Reached skill level 1 in Fighting
  6725 | D:8      | Reached skill level 1 in Armour
  6979 | D:8      | Learned a level 4 spell: Flame Wave
  7035 | D:8      | Reached skill level 9 in Fire Magic
  7043 | D:8      | Noticed Grum
  7075 | D:8      | Killed Grum
  7079 | D:8      | Offered knowledge of Ignite Poison by Vehumet.
  7461 | D:8      | Found a snail-covered altar of Cheibriados.
  7756 | D:9      | Noticed Maggie
  7775 | D:9      | HP: 2/69 [Maggie/bolt of fire (27)]
  7782 | D:9      | Killed Maggie
  7783 | D:9      | Reached XP level 11. HP: 51/75 MP: 8/23
  8091 | D:9      | Reached *** piety under Vehumet
  8593 | D:9      | Found an iron altar of Okawaru.
  9001 | D:10     | Entered Level 10 of the Dungeon
  9671 | D:10     | Found a staircase to the Lair.
  9688 | D:10     | Identified the +3 scale mail "Pouqegh" {Contam Regen+ rCorr
                  | Dex+10}
  9692 | D:10     | Noticed Lodul
  9711 | D:10     | Mangled by an ogre

Illustrated notes

Levels and vault maps discovered:
D:1:      dpeg_arrival_arbitrary_c, layout_basic, serial_shops, shop
D:2:      layout_loops_cross, uniq_robin, uniq_natasha
D:3:      layout_basic, shapermc_ecumenical_altar_pompeii,
          serial_co_window_serial, co_window_paths_b, co_window_paths_b,
          co_window_paths_a, co_window_cross_1, co_window_paths_a,
          co_window_of_opportunity_a, co_window_of_opportunity_b,
          co_window_broadway_a, co_window_broadway_b, co_window_2corner,
          co_window_4corner_a, glass_columns_a, glass_columns_a,
          glass_columns_a, glass_columns_a, glass_columns_b, uniq_ijyb
D:4:      minmay_octagon_keep, layout_rooms, minmay_temple_entry_stoned_glass,
          feat_on_display, uniq_eustachio, uniq_blork_the_orc, uniq_pikel
D:5:      layout_cave_pools, makhleb_blood_cavern_becter,
          mainiacjoe_overflow_24_doors, cheibrodos_sewer_entry_drain,
          serial_shops, nicolae_stop_n_shop_2, uniq_menkaure
D:6:      layout_loops_ring, nicolae_figureground_sparkle
D:7:      layout_cave_pools, zin_purify
D:8:      layout_loops_cross, mainiacjoe_overflow_small_starburst,
          mainiacjoe_overflow_six_doors_small, uniq_grum
D:9:      layout_rooms, mainiacjoe_overflow_chevrons, kennysheep_dice,
          uniq_maggie
D:10:     layout_rooms, lemuel_crystal_altar, minmay_lair_entry_grove,
          minmay_guarded_unrand_finisher, uniq_gastronok, uniq_lodul
Temple:   nicolae_temple_no_exploring_needed

Skill      XL: |  1  2  3  4  5  6  7  8  9 10 11 |
---------------+----------------------------------+-----
Spellcasting   | 3 5 6 7 8 |  8.7
Fire Magic     | 4 5 6 8 9 |  9.7
Conjurations   | 2 3 5 7 8 |  8.7
Fighting       | 3 4 |  4.2
Armour         | 3 4 |  4.0
Maces & Flails | |  0.9
Dodging        | |  2.0
Stealth        | |  2.0
Evocations     | |  0.8

Action                   |  1- 3 |  4- 6 |  7- 9 | 10-12 || total
-------------------------+-------+-------+-------+-------++-------
Melee: Dagger            |    21 |    12 |       |       ||    33
       Mace              |       |     1 |    11 |    30 ||    42
 Cast: Foxfire           |    29 |    51 |    75 |    68 ||   223
       Scorch            |     7 |    45 |    83 |   132 ||   267
       Inner Flame       |       |       |       |    14 ||    14
       Flame Wave        |       |       |       |     2 ||     2
  Use: Potion            |       |       |     1 |     9 ||    10
       Scroll            |       |       |       |    21 ||    21
 Stab: Sleeping          |       |     1 |       |       ||     1
Armor: Robe              |     5 |    19 |     9 |       ||    33
       Leather armour    |       |       |     5 |    12 ||    17
       Scale mail        |       |       |       |    74 ||    74
Dodge: Dodged            |    14 |    37 |    17 |    87 ||   155
